AoeStats
← TCK-Busifikator

Arena

507864208Analyzed
1v1 RM · 14d ago on Sep 20, 2026· 56m 33s· 2 players
Game mode
Random Map
Map size
Tiny (2 player)
Population
200
Speed
Normal
Resources
Standard
Victory
Conquest
Starting age
Dark Age
Ending age
Imperial Age
RankedLock teamsTeams togetherTeam positionsShared explorationLock speedFull tech treeHidden civsTurbo modeCheats
Victory
Defeat
🇵🇹 Shu · Portugal
1080
+15
🇺🇦 Spanish · Ukraine
1049
-15
TCK-Busifikator
11:50 Feudal Age
16:20 Castle Age
14:43 Horse Collar
17:02 Loom
17:17 Double-Bit Axe
25:16 Padded Archer Armor
25:37 Bow Saw
28:12 Scale Barding Armor
29:26 Chain Barding Armor
30:06 Bloodlines
29:57 Husbandry
34:25 Gold Mining
38:40 Imperial Age
37:40 Wheelbarrow
37:36 Scale Mail Armor
37:18 Man-at-Arms
37:59 Long Swordsman
39:00 Chain Mail Armor
39:01 Forging
39:42 Two-Handed Swordsman
40:11 Gambesons
41:00 Plate Mail Armor
40:18 Cavalier
41:40 Plate Barding Armor
41:47 Plate Barding Armor
41:15 Champion
44:33 Iron Casting
45:19 Paladin
45:52 Stone Mining
46:37 Squires
46:25 Arson
48:04 Blast Furnace
47:52 Hand Cart
48:22 Conscription
48:45 Stone Shaft Mining
47:59 Town Watch
nexus-
10:12 Feudal Age
14:04 Castle Age
12:12 Double-Bit Axe
13:18 Horse Collar
13:43 Gold Mining
15:27 Bow Saw
20:06 Loom
20:07 Town Watch
23:03 Wheelbarrow
22:41 Heavy Plow
23:22 Gold Shaft Mining
23:46 Elite Skirmisher
24:36 Padded Archer Armor
24:27 Fletching
25:40 Leather Archer Armor
25:22 Stone Mining
26:14 Ballistics
27:12 Thumb Ring
26:58 Crossbowman
33:00 Imperial Age
30:38 Bodkin Arrow
31:05 Squires
30:50 Gambesons
30:26 Pikeman
30:55 Arson
32:13 Hand Cart
33:06 Halberdier
33:09 Arbalester
34:50 Bracer
36:23 Forging
36:14 Scale Mail Armor
40:01 Chain Mail Armor
44:10 Two-Man Saw
43:16 Town Patrol
44:51 Plate Mail Armor
45:00 Ring Archer Armor
45:43 Chemistry
46:05 Bolt Magazine
46:20 Coiled Serpent Array
48:15 Conscription
49:35 Elite White Feather Guard
52:23 Masonry
Connection lost

Rejoining the realm…

Still unreachable

The connection could not be restored.

Session expired

The server has moved on; the page needs a fresh start.